 Dungeon Sprint DCSS version 0.31-a0-750-gfe7b580527 (webtiles) character file.

Game seed: 5353546544893691117

7 rocky1 the Trooper (level 2, -3/35 HPs)
             Began as an Ogre Berserker on Sept 14, 2023.
             Was a Believer of Trog.
             Slain by an iguana (8 damage)
             ... in the Dungeon (Sprint IX: "|||||||||||||||||||||||||||||").
             The game lasted 00:00:07 (25 turns).

rocky1 the Trooper (Ogre Berserker)                   Turns: 25, Time: 00:00:07

Health: -3/35      AC:  3    Str: 20    XL:     2   Next: 0%
Magic:  2/2        EV: 10    Int:  8    God:    Trog [**....]
Gold:   0          SH:  0    Dex:  8    Spells: 1/1 levels left

rFire   . . .        a - +0 mace
rCold   . . .        (no shield)
rNeg    . . .        b - +0 animal skin
rPois   .            (helmet restricted)
rElec   .            (no cloak)
rCorr   .            (gloves unavailable)
SInv    .            (boots unavailable)
Will    .....        (no amulet)
Stlth   +            (no ring)
HPRegen 0.25/turn    (no ring)
MPRegen 0.08/turn

%: no teleportation
@: no status effects
A: large, unfitting armour, tough skin 1
a: Renounce Religion, Berserk, Trog's Hand


You were in the Dungeon.
You worshipped Trog.
Trog was pleased with you.
You visited 1 branch

Inventory:

Hand Weapons
 a - a +0 mace (weapon)
Armour
 b - a +0 animal skin (worn)
Scrolls
 h - a scroll of blinking
Potions
 c - a potion of curing
 d - a potion of heal wounds
 e - a potion of haste
 f - 2 potions of magic
 g - a potion of berserk rage


   Skills:
 + Level 5.0 Fighting
 + Level 3.3 Maces & Flails
 + Level 3.2 Dodging


You had one spell level left.
You didn't know any spells.
Your spell library was empty.

Dungeon Overview and Level Annotations

Branches:
Dungeon (1/1)

Altars:


Innate Abilities, Weirdness & Mutations

You are too large for most types of armour.
You have tough skin. (AC +1)


Message History

There is an open door to the Dungeon here.
Things that are here:
a +0 dagger; a goblin corpse You sock the kobold!
You kill the kobold!
Trog accepts your kill.
You can now call upon Trog for regeneration and willpower.
The dart slug launches a dart at you. The slug dart hits you.
Things that are here:
a +0 whip; 3 stones; a kobold corpse You hit the dart slug.
The dart slug is severely wounded.
The dart slug closely misses you.
You sock the dart slug!
You kill the dart slug!
Trog accepts your kill.
You barely miss the frilled lizard. The frilled lizard barely misses you.
You thump the frilled lizard!
You kill the frilled lizard!
Trog accepts your kill.
Your Fighting skill increases to level 5!
You have reached level 2!
Things that are here:
a frilled lizard corpse; a dart slug corpse You open the door.
An iguana, a phantom, a howler monkey, a scorpion and a hound come into view.
The iguana hisses angrily.
The howler monkey howls!
You barely miss the iguana. The iguana barely misses you.
You barely miss the iguana.
The hound barks!
The iguana barely misses you. The iguana bites you!
You hit the iguana.
The iguana is lightly wounded.
The iguana bites you!
* * * LOW HITPOINT WARNING * * *
You hit the iguana but do no damage.
The iguana is lightly wounded.
The iguana bites you!
You die...

▓.▓
▓.▓
▓.▓
▓)▓
▓)▓
▓†▓
▓.▓
▓.▓
▓@▓
▓l▓
▓W▓
▓h▓
▓s▓
▓h▓
▓.▓
▓+▓


You could see a phantom, a scorpion, a howler monkey, an iguana and a hound.

Vanquished Creatures
  A dart slug (D)
  A giant cockroach (D)
  A goblin (D)
  A frilled lizard (D)
  A kobold (D)
5 creatures vanquished.

Notes
Turn   | Place    | Note
-------+----------+-------------------------------------------
     0 | D        | rocky1 the Ogre Berserker began the quest for the Orb.
     0 | D        | Reached XP level 1. HP: 24/24 MP: 1/1
    11 | D        | Reached ** piety under Trog
    17 | D        | Reached skill level 5 in Fighting
    17 | D        | Reached XP level 2. HP: 29/35 MP: 2/2
    21 | D        | Noticed a phantom
    21 | D        | Noticed a howler monkey
    21 | D        | Noticed a scorpion
    25 | D        | Slain by an iguana

Illustrated notes

Levels and vault maps discovered:
D:        linesprint [early_d, line_temple, items_1, d_10, items_2, lair_1,
          lair_end, items_3, orc_1, orc_end, items_4, d_15, swamp_1, shoals_1,
          snake_1, spider_1, d_20, vaults_1, items_5, swamp_end, shoals_end,
          snake_end, spider_end, vaults_end, d_27, items_6, zot_1, zot_end,
          crypt_end, forest_end, elf_end, slime_end, tomb_end, abyss_end,
          pan_hell_end]

Skill      XL: |  1 |
---------------+----+-----
Maces & Flails | 3 |  3.3
Dodging        | 3 |  3.2
Fighting       | 5 |  5.0

Action                     || total
---------------------------++-------
  Melee: Mace              ||    15
 Armour: Animal skin       ||     8
  Dodge: Dodged            ||     7

Table legend: (Time is in decaauts)
 A = Elapsed time spent in this place.
 B = Non-inter-level travel time spent in this place.
 C = Inter-level travel time spent in this place.
 D = Time resting spent in this place.
 E = Time spent auto-exploring this place.
 F = Levels seen in this place.
 G = Mean time per level.
                   A        B        C        D        E       F      G
               +--------+--------+--------+--------+--------+-----+--------+
         Total |     28 |     28 |      0 |      0 |      0 |   1 |   28.0 |
       Dungeon |     28 |     28 |      0 |      0 |      0 |   1 |   28.0 |
               +--------+--------+--------+--------+--------+-----+--------+

Top non-repeatable levels by time:
       D: 28 daAuts
